 Dungeon Crawl Stone Soup version 0.29-a0-620-g13ace881f2 (webtiles) character file.

Game seed: 18017916087709159719

14 jlumianski the Skirmisher (level 2, -4/24 HPs)
             Began as a Demonspawn Fighter on June 19, 2022.
             Slain by an iguana (10 damage)
             ... on level 2 of the Dungeon.
             The game lasted 00:01:11 (473 turns).

jlumianski the Skirmisher (Demonspawn Fighter)       Turns: 473, Time: 00:01:12

Health: -4/24      AC:  6    Str: 16    XL:     2   Next: 31%
Magic:  2/2        EV:  8    Int:  9    God:
Gold:   11         SH:  4    Dex: 12    Spells: 1/1 levels left

rFire   . . .      SeeInvis .   a - +0 war axe
rCold   . . .      Faith    .   c - +0 buckler
rNeg    . . .      Spirit   .   b - +0 scale mail
rPois   .          Reflect  .   (no helmet)
rElec   .          Harm     .   (no cloak)
rCorr   .          Rampage  .   (no gloves)
Will    .....                   (no boots)
Stlth   ..........              (no amulet)
HPRegen 0.08/turn               (no ring)
MPRegen 0.08/turn               (no ring)

@: no status effects
A: powered by death 1
a: no special abilities


You were on level 2 of the Dungeon.
You visited 1 branch of the dungeon, and saw 2 of its levels.

You collected 11 gold pieces.

Inventory:

Hand Weapons
 a - a +0 war axe (weapon)
Armour
 b - a +0 scale mail (worn)
 c - a +0 buckler (worn)
Magical Staves
 f - a staff of cold
Scrolls
 e - a scroll of teleportation {unknown}
Potions
 d - a potion of might


   Skills:
 + Level 3.1 Fighting
 + Level 2.0 Axes
 + Level 3.0 Armour
 + Level 2.8 Shields


You had one spell level left.
You didn't know any spells.
Your spell library was empty.

Dungeon Overview and Level Annotations

Branches:
Dungeon (2/15)

Altars:


Innate Abilities, Weirdness & Mutations

You regenerate a little health from kills.


Message History

You see here a ball python corpse.
You now have 11 gold pieces (gained 7).
There is a stone staircase leading down here.
You see here a staff of cold.
f - a staff of cold
There is a stone staircase leading down here.
You climb downwards.
There is a stone staircase leading up here.
There is a stone staircase leading up here.
A bat comes into view.
Found a purple potion.
The bat barely misses you.
An iguana comes into view.
Found a ruby potion and a leather armour.
The iguana hisses angrily.
The bat closely misses you. The bat hits you but does no damage.
Found a glowing orange potion.
The bat hits you but does no damage.
You hit the bat.
The bat is moderately wounded.
The bat barely misses you. The bat hits you but does no damage.
The bat attacks as you move away! The bat barely misses you. x2
You closely miss the bat.
The bat is moderately wounded.
The bat hits you but does no damage. The bat hits you but does no damage.
The bat barely misses you.
You hit the iguana but do no damage. The bat hits you but does no damage.
You block the iguana's attack. The bat hits you but does no damage.
The iguana bites you.
You barely miss the iguana. You hit the bat but do no damage.
The bat completely misses you. The bat hits you but does no damage.
The bat completely misses you. The iguana bites you!
You closely miss the iguana. The bat hits you but does no damage.
The iguana bites you. The iguana completely misses you.
You slash the iguana!
The iguana is heavily wounded.
You block the bat's attack. The iguana bites you.
* * * LOW HITPOINT WARNING * * *
You barely miss the iguana.
The iguana is heavily wounded.
The bat completely misses you. The iguana bites you!
You die...

#......#
#......#
###.#..# #.#
.# #.# # #<#
##
#####.###.!#
#........#
#.!..@l..#
#........#
#...b....#
#..........
#............
#.............
#...........[.
######.....!..


You could see an iguana and a bat.

Vanquished Creatures
  2 dart slugs
  A goblin (D:1)
  A hobgoblin (D:1)
  2 jackals (D:1)
  2 ball pythons (D:1)
  2 frilled lizards (D:1)
  A rat (D:2)
11 creatures vanquished.

Notes
Turn   | Place    | Note
-------+----------+-------------------------------------------
     0 | D:1      | jlumianski the Demonspawn Fighter began the quest for the
                  | Orb.
     0 | D:1      | Reached XP level 1. HP: 18/18 MP: 1/1
   373 | D:1      | Gained mutation: You regenerate a little health from kills.
                  | [demonic ancestry]
   373 | D:1      | Reached XP level 2. HP: 21/24 MP: 2/2
   473 | D:2      | Slain by an iguana

Illustrated notes

Levels and vault maps discovered:
D:1:      saegor_arrival_simple_d, layout_basic, minmay_misc_feat_nine_boxes,
          skrybe_limestone_x, minmay_tromino_v4_a
D:2:      layout_rooms, hellmonk_ecumenical_altar_zigzags

Skill      XL: |  1  2 |
---------------+-------+-----
Armour         | 3 |  3.0
Axes           | 2 |  2.0
Fighting       | |  3.1
Shields        | |  2.8

Action                   || total
-------------------------++-------
Melee: War axe           ||    36
Armor: Scale mail        ||    29
Dodge: Dodged            ||    35
Block: Buckler           ||     5

Table legend: (Time is in decaauts)
 A = Elapsed time spent in this place.
 B = Non-inter-level travel time spent in this place.
 C = Inter-level travel time spent in this place.
 D = Time resting spent in this place.
 E = Time spent auto-exploring this place.
 F = Levels seen in this place.
 G = Mean time per level.
                   A        B        C        D        E       F      G
               +--------+--------+--------+--------+--------+-----+--------+
         Total |    488 |    488 |      0 |    215 |     75 |   2 |  244.0 |
       Dungeon |    488 |    488 |      0 |    215 |     75 |   2 |  244.0 |
               +--------+--------+--------+--------+--------+-----+--------+

Top non-repeatable levels by time:
     D:1: 429 daAuts
     D:2: 59 daAuts
